 Dungeon Crawl Stone Soup version 0.24-a0-499-g1074bba3cf (webtiles) character file.

Game seed: 8878596981570477689

322 Inarius the Skirmisher (level 6, -1/48 HPs)
             Began as a Demonspawn Hunter on July 14, 2019.
             Slain by a gnoll
             ... wielding a +0 whip
              (3 damage)
             ... on level 6 of the Dungeon.
             The game lasted 00:03:29 (2445 turns).

Inarius the Skirmisher (Demonspawn Hunter)          Turns: 2445, Time: 00:03:30

Health: -1/48      AC: 11    Str: 14    XL:     6   Next: 22%
Magic:  6/6        EV:  4    Int: 11    God:
Gold:   73         SH:  9    Dex: 13    Spells: 5/5 levels left

rFire    . . .     SeeInvis .   t - +2 flail (crush)
rCold    . . .     Gourm    .   m - +1 shield
rNeg     . . .     Faith    .   e - +0 chain mail
rPois    .         Spirit   .   (no helmet)
rElec    .         Reflect  .   (no cloak)
rCorr    .         Harm     .   (no gloves)
MR       .....                  (no boots)
Stlth    ..........             (no amulet)
HPRegen  0.16/turn              (no ring)
MPRegen  0.10/turn              (no ring)

@: no status effects
A: yellow scales 1, dopey 1, spiny 2, evolution 2
a: no special abilities


You were on level 6 of the Dungeon.
You were not hungry.

You visited 1 branch of the dungeon, and saw 4 of its levels.

You collected 73 gold pieces.

Inventory:

Hand Weapons
 a - a +0 short sword
 t - a +2 flail of crushing (weapon)
Missiles
 c - 6 javelins (quivered)
 s - 2 throwing nets
Armour
 e - a +0 chain mail (worn)
 m - a +1 shield (worn)
Jewellery
 r - an uncursed ring of flight
Wands
 q - a wand of flame (15)
Scrolls
 b - 7 scrolls of identify
 i - 2 scrolls of remove curse
Potions
 j - a potion of curing
 n - a potion of flight
 o - a potion of lignification
Comestibles
 f - 4 rations


   Skills:
 * Level 4.0 Fighting
 - Level 3.6 Throwing
 + Level 3.1 Armour
 + Level 3.0 Dodging
 - Level 0.8 Stealth
 + Level 1.6 Shields
 + Level 0.2 Evocations


You had 5 spell levels left.
You didn't know any spells.
Your spell library was empty.

Dungeon Overview and Level Annotations

Branches:
Dungeon (3/15)

Altars:


Innate Abilities, Weirdness & Mutations

You are partially covered in yellow scales. (AC +2)
You are mostly covered in sharp spines.
You are dopey. (Int -2)
You rapidly evolve.


Message History

You block the worker ant zombie's attack.
You block the gnoll's attack.
The gnoll sergeant hits you but does no damage.
Unknown command.
You closely miss the gnoll.
The gnoll is almost dead.
The gnoll hits you but does no damage. x2
You block the worker ant zombie's attack.
The gnoll hits you but does no damage. You block the gnoll sergeant's attack.
The gnoll hits you but does no damage. The gnoll is struck by your spines.
The gnoll hits you with a +0 whip.
* * * LOW HITPOINT WARNING * * *
Unknown command.
Unknown command.
You sock the gnoll!
You kill the gnoll!
You block the worker ant zombie's attack.
You block the gnoll sergeant's attack. The gnoll is struck by your spines.
The gnoll hits you with a +0 whip.
You die...

#############
##...g@#.....##
#.....ZgYZ....!#
#......gog........
#.................
#!.?..$...........
#.................
#..............g..
..................
.............#...


You could see a sky beast, a gnoll sergeant, 3 gnolls, an orc, a worker ant
zombie and a quokka skeleton.

Vanquished Creatures
  A hornet zombie (D:3)
  2 bullfrogs (D:6)
  Terence (D:2)
  2 gnolls (D:6)
  2 adders
  An ooze (D:1)
  A dart slug (D:1)
  A leopard gecko (D:1)
  A giant cockroach (D:3)
  4 goblins
  5 hobgoblins
  A quokka (D:2)
  5 bats
  3 frilled lizards
  6 rats
36 creatures vanquished.

Notes
Turn   | Place    | Note
-------+----------+-------------------------------------------
     0 | D:1      | Inarius the Demonspawn Hunter began the quest for the Orb.
     0 | D:1      | Reached XP level 1. HP: 16/16 MP: 1/1
   311 | D:1      | Gained mutation: You are partially covered in yellow
                  | scales. (AC +2) [demonic ancestry]
   311 | D:1      | Reached XP level 2. HP: 16/23 MP: 2/2
  1282 | D:2      | Reached skill level 1 in Armour
  1282 | D:2      | Gained mutation: You are partially covered in sharp spines.
                  | [demonic ancestry]
  1282 | D:2      | Reached XP level 3. HP: 28/28 MP: 3/3
  1601 | D:2      | Noticed Terence
  1626 | D:2      | Killed Terence
  1626 | D:2      | Reached skill level 3 in Fighting
  1710 | D:2      | Gained mutation: You are mostly covered in sharp spines.
                  | [demonic ancestry]
  1710 | D:2      | Reached XP level 4. HP: 35/35 MP: 4/4
  2076 | D:3      | Reached skill level 1 in Shields
  2076 | D:3      | Reached XP level 5. HP: 8/41 MP: 5/5
  2412 | D:3      | You fall into a shaft and drop 3 floors!
  2428 | D:6      | Noticed a sky beast
  2440 | D:6      | Reached skill level 4 in Fighting
  2440 | D:6      | Reached XP level 6. HP: 16/48 MP: 6/6
  2442 | D:6      | Gained mutation: You evolve. [potion of mutation]
  2442 | D:6      | Gained mutation: You are dopey. (Int -2) [potion of
                  | mutation]
  2442 | D:6      | Gained mutation: You rapidly evolve. [potion of mutation]
  2444 | D:6      | HP: 2/48 [gnoll/+0 whip (2)]
  2445 | D:6      | Slain by a gnoll

Levels and vault maps discovered:
D:1:      nzn_arrival_settlement, layout_basic, minmay_misc_feat_secret_circle
D:2:      layout_basic, uniq_terence
D:3:      layout_basic, grunt_dithmenos_smoke_and_mirrors, eino_tiny_chamber
D:6:      layout_rooms, minmay_temple_entry_trees,
          nicolae_qazlal_style_of_elements, uniq_crazy_yiuf_cottage

Skill      XL: |  1  2  3  4  5 |
---------------+----------------+-----
Dodging        | 2 3 |  3.0
Armour         | 1 2 3 |  3.1
Fighting       | 3 4 |  4.0
Shields        | 1 |  1.6
Throwing       | |  3.6
Stealth        | |  0.8
Evocations     | |  0.2

Action                   |  1- 3 |  4- 6 || total
-------------------------+-------+-------++-------
Melee: Short sword       |   117 |       ||   117
       Flail             |     3 |    39 ||    42
Throw: Throwing net      |     2 |       ||     2
Evoke: Wand              |     2 |       ||     2
  Use: Potion            |       |     6 ||     6
       Scroll            |       |     5 ||     5
  Eat: Chunk             |     3 |     2 ||     5
Armor: Leather armour    |     4 |       ||     4
       Chain mail        |    85 |    28 ||   113
       Skin              |       |    72 ||    72
Dodge: Dodged            |    36 |    15 ||    51
Block: Shield            |    20 |    41 ||    61

Table legend:
 A = Non-vault XP
 B = Vault XP
 C = Vault XP percentage of total XP
 D = Non-vault monster count
 E = Vault monster count
 F = Vault count percentage of total count
                 A         B        C        D         E       F
            +---------+---------+-------+---------+---------+-------
      Total |     424 |      36 |   7.8 |      35 |       1 |   2.8
            +---------+---------+-------+---------+---------+-------
        D:1 |      30 |       0 |   0.0 |      13 |       0 |   0.0
        D:2 |      34 |      36 |  51.4 |      14 |       1 |   6.7
        D:3 |     133 |       0 |   0.0 |       3 |       0 |   0.0
        D:6 |     227 |       0 |   0.0 |       5 |       0 |   0.0
            +---------+---------+-------+---------+---------+-------
